 Dungeon Crawl Stone Soup version 0.25-a0-253-g6f1b5d974a (webtiles) character file.

Game seed: 1307494929901102420, levelgen mode: classic

154 Borgoz the Cutter (level 5, 0/36 HPs)
             Began as a Halfling Gladiator on Dec 5, 2019.
             Slain by an orc wizard
             ... wielding a +2 dagger of venom
              (3 damage)
             ... on level 3 of the Dungeon.
             The game lasted 00:03:53 (2285 turns).

Borgoz the Cutter (Halfling Gladiator)              Turns: 2285, Time: 00:03:54

Health: 0/36       AC:  4    Str: 16    XL:     5   Next: 63%
Magic:  5/5        EV: 17    Int:  6    God:
Gold:   141        SH:  0    Dex: 16    Spells: 4/4 levels left

rFire    . . .     SeeInvis .   a - +0 rapier
rCold    . . .     Gourm    .   (shield restricted)
rNeg     . . .     Faith    .   n - +0 leather armour
rPois    .         Spirit   .   c - +0 helmet
rElec    .         Reflect  .   (no cloak)
rCorr    .         Harm     .   (no gloves)
MR       .....     Clarity  +   (no boots)
Stlth    ++........             (no amulet)
HPRegen  0.12/turn              m - ring of stealth
MPRegen  0.09/turn              (no ring)

@: lethally poisoned (0 -> -45)
A: small, clarity, mutation resistance 1
a: no special abilities


You were on level 3 of the Dungeon.
You were hungry.

You visited 1 branch of the dungeon, and saw 3 of its levels.

You collected 141 gold pieces.

Inventory:

Hand Weapons
 a - a +0 rapier (weapon)
 b - a +3 dagger
Missiles
 d - 4 throwing nets (quivered)
Armour
 c - a +0 helmet (worn)
 n - a +0 leather armour (worn)
Jewellery
 g - a +3 ring of strength
 m - a ring of stealth (left hand)
 x - an uncursed ring of protection from cold {unknown}
Scrolls
 h - a scroll of remove curse {unknown}
 j - 4 scrolls of identify {unknown}
 l - a scroll of amnesia {unknown}
 p - a scroll of blinking {unknown}
 q - a scroll of fog {unknown}
 r - a scroll of fear {unknown}
 s - a scroll of enchant armour {unknown}
Potions
 k - a potion of haste {unknown}
 t - a potion of mutation
 u - a potion of agility {unknown}
 w - a potion of berserk rage {unknown}
Comestibles
 f - 6 rations
 v - 3 chunks of flesh


   Skills:
 + Level 3.1 Fighting
 + Level 5.1 Short Blades
 - Level 2.0 Throwing
 + Level 4.5 Dodging


You had 4 spell levels left.
You didn't know any spells.
Your spell library was empty.

Dungeon Overview and Level Annotations

Branches:
Dungeon (3/15)

Altars:
Gozag
Wu Jian


Innate Abilities, Weirdness & Mutations

You are small and have problems with some larger weapons.
You are somewhat resistant to further mutation.
You possess an exceptional clarity of mind.


Message History

A puff of frost appears from out of thin air!
The puff of frost hits you.
* * * LOW HITPOINT WARNING * * *
You bump into the rock wall.
You feel less invigorated.
You feel less confused.
* * * LOW HITPOINT WARNING * * *
You feel very sick. Something barely misses you. Something hits you.
* * * LOW HITPOINT WARNING * * *
You are more poisoned.
You closely miss something.
* * * LOW HITPOINT WARNING * * *
You feel very sick. Something hits you but does no damage.
You are more poisoned.
You miss something.
* * * LOW HITPOINT WARNING * * *
You feel very sick. Something hits you.
You die...

###(##...#.#
######.
##.##..#.# #.
##.##...## #.
##_####...##
#. . #.##
#.#..##### #.
.. ##.##
#.##.....###.
... ##.#
#.######....#
.... #.## ...#
####.. .....
#@# ....
######.
......#{##..##
........
.......o...#
########
#.......(### #
#........#
####.#....
#..###.## #.
.# #. .#


You could see an orc.

Vanquished Creatures
  5 adders
  2 gnolls
  A worm (D:2)
  A dart slug (D:1)
  3 leopard geckos (D:1)
  6 orcs (D:3)
  7 bats
  17 goblins
  7 hobgoblins
  9 jackals
  6 kobolds
  A frilled lizard (D:3)
  4 rats
69 creatures vanquished.

Notes
Turn   | Place    | Note
-------+----------+-------------------------------------------
     0 | D:1      | Borgoz the Halfling Gladiator began the quest for the Orb.
     0 | D:1      | Reached XP level 1. HP: 14/14 MP: 1/1
    46 | D:1      | Reached XP level 2. HP: 17/19 MP: 2/2
   126 | D:1      | Reached skill level 4 in Short Blades
   135 | D:1      | Reached XP level 3. HP: 24/24 MP: 3/3
   487 | D:2      | Reached XP level 4. HP: 26/30 MP: 4/4
  1163 | D:2      | Reached XP level 5. HP: 25/36 MP: 5/5
  2045 | D:3      | Reached skill level 5 in Short Blades
  2092 | D:3      | Found an opulent altar of Gozag.
  2206 | D:3      | Found an ornate altar of the Wu Jian Council.
  2228 | D:3      | Found a faded altar of an unknown god.
  2270 | D:3      | Gained mutation: You possess an exceptional clarity of
                  | mind. [potion of mutation]
  2285 | D:3      | Slain by an orc wizard

Levels and vault maps discovered:
D:1:      mrwooster_arrival_arrow, layout_rooms, grunt_decor_fettered
D:2:      minmay_wonky_spiral, layout_basic, st_stairs_10
D:3:      layout_rooms, overflow_temple_1_default, lemuel_crystal_altar,
          chequers_ecumenical_altar_twisty

Skill      XL: |  1  2  3  4  5 |
---------------+----------------+-----
Fighting       | 2 3 |  3.1
Short Blades   | 4 5 |  5.1
Dodging        | 4 |  4.5
Throwing       | |  2.0

Action                   |  1- 3 |  4- 6 || total
-------------------------+-------+-------++-------
Melee: Rapier            |    60 |   177 ||   237
  Use: Potion            |       |     7 ||     7
 Stab: Sleeping          |     2 |     1 ||     3
  Eat: Chunk             |       |     4 ||     4
Armor: Leather armour    |     6 |    35 ||    41
Dodge: Dodged            |    38 |   143 ||   181

Table legend:
 A = Non-vault XP
 B = Vault XP
 C = Vault XP percentage of total XP
 D = Non-vault monster count
 E = Vault monster count
 F = Vault count percentage of total count
                 A         B        C        D         E       F
            +---------+---------+-------+---------+---------+-------
      Total |     198 |      23 |  10.4 |      63 |       6 |   8.7
            +---------+---------+-------+---------+---------+-------
        D:1 |      52 |       0 |   0.0 |      19 |       0 |   0.0
        D:2 |      79 |      23 |  22.5 |      22 |       6 |  21.4
        D:3 |      67 |       0 |   0.0 |      22 |       0 |   0.0
            +---------+---------+-------+---------+---------+-------
